 Dungeon Crawl Stone Soup version 0.28.0-45-g0d030f2227 (webtiles) character file.

Game seed: 4573060394224569359

71 DearestLeader the Chopper (level 4, -8/41 HPs)
             Began as a Gnoll Chaos Knight on Apr 17, 2022.
             Was a Plaything of Xom.
             Mangled by Terence
             ... wielding a +0 hand axe of electrocution
              (18 damage)
             ... on level 2 of the Dungeon.
             The game lasted 00:02:12 (1344 turns).

DearestLeader the Chopper (Gnoll Chaos Knight)      Turns: 1344, Time: 00:02:13

Health: -8/41      AC:  6    Str: 14    XL:     4   Next: 24%
Magic:  0/5        EV: 12    Int: 11    God:    Xom [..*...]
Gold:   60         SH:  0    Dex: 11    Spells: 5/5 levels left

rFire   . . .      SeeInvis .   a - +0 hand axe (chaos)
rCold   . . .      Faith    .   (no shield)
rNeg    . . .      Spirit   +   b - +2 leather armour
rPois   .          Reflect  .   g - +0 helmet
rElec   .          Harm     .   (no cloak)
rCorr   .          Rampage  .   (no gloves)
Will    .....                   (no boots)
Stlth   +.........              h - amulet of guardian spirit
HPRegen 0.13/turn               (no ring)
MPRegen 0.09/turn               (no ring)

@: no status effects
A: fangs 1, strong nose, distributed training
a: Renounce Religion


You were on level 2 of the Dungeon.
You worshipped Xom.
You were a toy of Xom.
You visited 1 branch of the dungeon, and saw 2 of its levels.

You collected 60 gold pieces.

Inventory:

Hand Weapons
 a - a +0 hand axe of chaos (weapon)
Armour
 b - a +2 leather armour (worn)
 g - a +0 helmet (worn)
Jewellery
 h - an amulet of guardian spirit (around neck)
Scrolls
 e - a scroll of fog {unknown}
 f - a scroll of teleportation {unknown}
Potions
 d - a potion of resistance {unknown}
 i - a potion of brilliance {unknown}


   Skills:
 + Level 6.6 Fighting
 + Level 1.1 Short Blades
 + Level 1.1 Long Blades
 + Level 6.6 Axes
 + Level 1.1 Maces & Flails
 + Level 1.1 Polearms
 + Level 1.1 Staves
 + Level 1.1 Slings
 + Level 1.1 Bows
 + Level 1.1 Crossbows
 + Level 1.1 Throwing
 + Level 4.6 Armour
 + Level 2.7 Dodging
 + Level 1.1 Stealth
 + Level 1.1 Shields
 + Level 1.1 Unarmed Combat
 + Level 1.1 Spellcasting
 + Level 0.8 Conjurations
 + Level 0.8 Hexes
 + Level 0.8 Summonings
 + Level 0.8 Necromancy
 + Level 0.8 Translocations
 + Level 0.8 Transmutations
 + Level 0.8 Fire Magic
 + Level 0.8 Ice Magic
 + Level 0.8 Air Magic
 + Level 0.8 Earth Magic
 + Level 0.8 Poison Magic
 + Level 1.2 Invocations
 + Level 1.1 Evocations


You had 5 spell levels left.
You didn't know any spells.
Your spell library was empty.

Dungeon Overview and Level Annotations

Branches:
Dungeon (2/15)

Altars:

Annotations:
D:2 Terence


Innate Abilities, Weirdness & Mutations

You have very sharp teeth.
Your uncanny sense of smell can sniff out nearby items.
Your experience applies equally to all skills.


Message History

You hit Terence but do no damage. You closely miss the goblin.
The bat closely misses you. The goblin hits you with a +0 club.
Terence closely misses you.
You hit Terence but do no damage. You bite Terence, but do no damage.
You closely miss the goblin. You miss the bat. The bat completely misses you.
The bat hits you but does no damage. The goblin hits you but does no damage.
Terence closely misses you.
You hit Terence but do no damage.
Terence flickers and vanishes!
Deactivating autopickup; reactivate with Ctrl-A.
You hit the bat.
You kill the bat!
You barely miss the goblin. The goblin hits you but does no damage.
Something completely misses you.
You closely miss the goblin. You hit something but do no damage.
Nothing appears to happen.
The goblin barely misses you.
A quokka comes into view.
Something hits you.
You miss the goblin. You bite the goblin.
The goblin is heavily wounded.
You hit something but do no damage. Something hits you!
The goblin completely misses you. Something hits you.
You are electrocuted!
You are too injured to fight recklessly!
Unknown command.
You see here a hobgoblin corpse.
The quokka closely misses you. The goblin misses you.
As you read the scroll labelled ZAJUX ZUSOCA, it crumbles to dust.
The creatures around you are filled with an inner flame!
It was a scroll of immolation.
Xom thinks this is hilarious!
Something completely misses you. The quokka completely misses you.
The goblin barely misses you. The quokka barely misses you. Something hits you.
* * * LOW HITPOINT WARNING * * *
You are electrocuted!
You die... "Hey, that's my toy!"
Xom revives you!
The quokka twitches its whiskers.
Something hits you but does no damage.
You are electrocuted!!
You die...

########### ... #### #.........#
... ...## #...g.$...# ....
....## #..@r.....# ..... .....#
##.?.......# ##..... .....#
###..........##.......
.....######.....?......#.(......
.......................#..#
.....#######..##.......††##
.....# #.####.......?# .....#
#..# #.........# ....##
#.##....######..#


You could see a quokka (inner flame) and a goblin (inner flame).

Vanquished Creatures
  A gnoll (D:1)
  An adder (D:2)
  2 worms (D:2)
  2 dart slugs (D:1)
  6 endoplasms
  3 giant cockroaches
  3 goblins (D:1)
  4 hobgoblins (D:2)
  4 jackals (D:1)
  2 quokkas
  2 ball pythons
  4 bats
  3 frilled lizards
  2 kobolds
39 creatures vanquished.

Notes
Turn   | Place    | Note
-------+----------+-------------------------------------------
     0 | D:1      | DearestLeader the Gnoll Chaos Knight began the quest for
                  | the Orb.
     0 | D:1      | Reached XP level 1. HP: 23/23 MP: 1/1
   161 | D:1      | XOM: smoke on damage
   165 | D:1      | Reached XP level 2. HP: 19/29 MP: 2/2
   328 | D:1      | Reached XP level 3. HP: 31/35 MP: 3/3
   592 | D:1      | Reached skill level 1 in Invocations
   858 | D:2      | XOM is BORED!
   858 | D:2      | XOM: noise
   871 | D:2      | Reached skill level 1 in Short Blades
   871 | D:2      | Reached skill level 1 in Long Blades
   871 | D:2      | Reached skill level 1 in Maces & Flails
   871 | D:2      | Reached skill level 1 in Polearms
   871 | D:2      | Reached skill level 1 in Staves
   871 | D:2      | Reached skill level 1 in Slings
   871 | D:2      | Reached skill level 1 in Bows
   871 | D:2      | Reached skill level 1 in Crossbows
   871 | D:2      | Reached skill level 1 in Throwing
   871 | D:2      | Reached skill level 1 in Stealth
   871 | D:2      | Reached skill level 1 in Shields
   871 | D:2      | Reached skill level 1 in Unarmed Combat
   871 | D:2      | Reached skill level 1 in Spellcasting
   871 | D:2      | Reached skill level 1 in Evocations
   887 | D:2      | XOM: smoke on damage
  1208 | D:2      | Reached XP level 4. HP: 36/41 MP: 5/5
  1321 | D:2      | XOM: noise
  1324 | D:2      | Noticed Terence
  1341 | D:2      | Xom revived you
  1344 | D:2      | Mangled by Terence

Illustrated notes

Levels and vault maps discovered:
D:1:      minmay_arrival_semitransparent, layout_loops_ring
D:2:      layout_rooms, hellmonk_ecumenical_altar_prayer_group, uniq_terence

Skill      XL: |  1  2  3 |
---------------+----------+-----
Invocations    | 1 |  1.2
Short Blades   | 1 |  1.1
Long Blades    | 1 |  1.1
Maces & Flails | 1 |  1.1
Polearms       | 1 |  1.1
Staves         | 1 |  1.1
Slings         | 1 |  1.1
Bows           | 1 |  1.1
Crossbows      | 1 |  1.1
Throwing       | 1 |  1.1
Stealth        | 1 |  1.1
Shields        | 1 |  1.1
Unarmed Combat | 1 |  1.1
Spellcasting   | 1 |  1.1
Evocations     | 1 |  1.1
Fighting       | |  6.6
Axes           | |  6.6
Armour         | |  4.6
Dodging        | |  2.7
Conjurations   | |  0.8
Hexes          | |  0.8
Summonings     | |  0.8
Necromancy     | |  0.8
Translocations | |  0.8
Transmutations | |  0.8
Fire Magic     | |  0.8
Ice Magic      | |  0.8
Air Magic      | |  0.8
Earth Magic    | |  0.8
Poison Magic   | |  0.8

Action                   |  1- 3 |  4- 6 || total
-------------------------+-------+-------++-------
Melee: Hand axe          |   108 |    20 ||   128
       Bite              |    14 |     2 ||    16
       Punch             |     1 |       ||     1
  Use: Scroll            |       |     1 ||     1
 Stab: Sleeping          |     2 |       ||     2
       Distracted        |       |     1 ||     1
Armor: Leather armour    |    34 |     8 ||    42
Dodge: Dodged            |    72 |    23 ||    95
